 Dungeon Crawl Stone Soup version 0.25.0-11-g1f837a76a1 (webtiles) character file.

Game seed: 16873923439860276977

53 Esekla the Grave Robber (level 3, -2/26 HPs)
             Began as a Barachi Necromancer on June 28, 2020.
             Slain by a centaur zombie (5 damage)
             ... on level 4 of the Dungeon.
             The game lasted 00:07:37 (1521 turns).

Esekla the Grave Robber (Barachi Necromancer)       Turns: 1521, Time: 00:07:38

Health: -2/26      AC:  3    Str:  9    XL:     3   Next: 87%
Magic:  7/7        EV: 12    Int: 16    God:
Gold:   58         SH:  5    Dex: 12    Spells: 4/8 levels left

rFire    . . .     SeeInvis .   d - +0 dagger
rCold    . . .     Gourm    .   (no shield)
rNeg     . . .     Faith    .   i - +0 leather armour (curse)
rPois    .         Spirit   .   (no helmet)
rElec    .         Reflect  +   (no cloak)
rCorr    .         Harm     .   (no gloves)
MR       .....                  (no boots)
Stlth    ++........             h - amulet of reflection
HPRegen  0.08/turn              (no ring)
MPRegen  0.10/turn              (no ring)

@: slow
A: +LOS, swims, slowness 1, strong legs 1
a: Hop


You were on level 4 of the Dungeon.
You were not hungry.

You visited 1 branch of the dungeon, and saw 4 of its levels.

You collected 58 gold pieces.

Inventory:

Hand Weapons
 d - a +0 dagger (weapon)
Armour
 i - a cursed +0 leather armour (worn)
Jewellery
 h - an amulet of reflection (around neck)
Scrolls
 a - 4 scrolls of teleportation {unknown}
 f - a scroll of remove curse {unknown}
 g - 2 scrolls of identify {unknown}
Comestibles
 c - 2 rations


   Skills:
 * Level 1.3 Fighting
 + Level 0.4 Short Blades
 + Level 1.0 Armour
 * Level 2.9 Dodging
 - Level 1.7 Stealth
 * Level 3.1 Spellcasting
 + Level 3.6 Necromancy


You had 4 spell levels left.
You knew the following spells:

 Your Spells              Type           Power        Failure   Level  Hunger
a - Pain                  Necr           ##..         5%          1    #......
d - Vampiric Draining     Necr           ##........   17%         3    ###....

Your spell library contained the following spells:

 Spells                   Type           Power        Failure   Level  Hunger
 Animate Skeleton         Necr           N/A          5%          1    #......
 Animate Dead             Necr           N/A          50%         4    #####..
 Agony                    Necr           ##......     83%         5    ######.


Dungeon Overview and Level Annotations

Branches:
Dungeon (4/15)
 Temple: D:4-7

Altars:


Innate Abilities, Weirdness & Mutations

You can be seen from farther away. (+LOS)
You can swim through water.
You cover ground slowly.
You can hop short distances.


Message History

The centaur zombie barely misses you.
You hit the centaur zombie.
The centaur zombie is moderately damaged.
The centaur zombie hits you but does no damage.
You hit the centaur zombie.
The centaur zombie is moderately damaged.
The centaur zombie barely misses you.
You hit the centaur zombie but do no damage.
The centaur zombie is moderately damaged.
The centaur zombie hits you.
* * * LOW HITPOINT WARNING * * *
You block the centaur zombie's attack.
You hit the centaur zombie.
The centaur zombie is moderately damaged.
The centaur zombie hits you.
* * * LOW HITPOINT WARNING * * *
You hit the centaur zombie.
The centaur zombie is moderately damaged.
The centaur zombie hits you.
You die...

####..#######.# ##
##.........#####.#####
#...................?
#.##########.##.####
#.# #†# ## #.#
#.##..#### #.#
#......... #.#
#.###.#### #.. ##@#
### ##Z#.# #.###..
#....## #.# ##### ...
.#. . . #. . .#


You could see a centaur zombie.

Vanquished Creatures
  A worker ant (D:4)
  A gnoll (D:3)
  An ooze (D:3)
  A dart slug (D:1)
  A giant cockroach (D:1)
  3 goblins (D:3)
  A hobgoblin (D:3)
  2 kobolds
  2 ball pythons (D:4)
  3 rats
16 creatures vanquished.

Notes
Turn   | Place    | Note
-------+----------+-------------------------------------------
     0 | D:1      | Esekla the Barachi Necromancer began the quest for the Orb.
     0 | D:1      | Reached XP level 1. HP: 13/13 MP: 3/3
   410 | D:1      | Reached XP level 2. HP: 20/20 MP: 5/5
   706 | D:3      | Reached skill level 1 in Fighting
   850 | D:3      | Reached XP level 3. HP: 7/26 MP: 0/7
   869 | D:3      | HP: 1/26 [gnoll/+0 halberd (7)]
  1238 | D:4      | Learned a level 3 spell: Vampiric Draining
  1438 | D:4      | Reached skill level 1 in Armour
  1521 | D:4      | Slain by a centaur zombie

Illustrated notes

Levels and vault maps discovered:
D:1:      dpeg_arrival_radiant, layout_rooms, minmay_cupped
D:2:      minmay_kobold_bridge, layout_basic, gammafunk_temple_overflow_wave,
          uniq_terence
D:3:      layout_basic, riverfiend_overflow_shadow_ancestor,
          minmay_tree_intersection, grunt_decor_clamped
D:4:      layout_loops_ring, lemuel_coloured_pillars_altar, uniq_eustachio,
          uniq_natasha

Skill      XL: |  1  2  3 |
---------------+----------+-----
Fighting       | 1 |  1.3
Armour         | 1 |  1.0
Spellcasting   | 3 |  3.1
Short Blades   | |  0.4
Dodging        | |  2.9
Stealth        | |  1.7
Necromancy     | |  3.6

Action                   || total
-------------------------++-------
Melee: Dagger            ||    61
       Unarmed           ||     1
 Cast: Pain              ||    18
       Vampiric Draining ||     2
 Abil: Hop               ||     1
  Use: Potion            ||     1
 Stab: Sleeping          ||     1
  Eat: Ration            ||     1
Armor: Leather armour    ||    11
Dodge: Dodged            ||    38
Block: Other             ||     8
       Reflection        ||     2
